 Dungeon Crawl Stone Soup version 0.25-a0-766-g0ecfff5982 (webtiles) character file.

Game seed: 3817204136345169870, levelgen mode: deterministic

692495 xccam the Drop of Water (level 25, -4/185 HPs)
             Began as a Gnoll Hunter on Apr 8, 2020.
             Was the Champion of Ru.
             Killed by a greater mummy's death curse (19 damage)
             ... on level 1 of the Tomb of the Ancients on Apr 13, 2020.
             The game lasted 05:12:12 (87803 turns).

xccam the Drop of Water (Gnoll Hunter)             Turns: 87803, Time: 05:12:14

Health: -4/185     AC: 44    Str: 27    XL:     25
Magic:  0/40       EV: 20    Int:  9    God:    Ru [******]
Gold:   7916       SH: 38    Dex: 25    Spells: 50/60 levels left

rFire    + + +     SeeInvis .   B - +9 sacred scourge (holy)
rCold    + + .     Gourm    .   l - +10 tower shield of Ignorance {rN+ Int-4}
rNeg     + + +     Faith    .   i - +7 gold dragon scales
rPois    +         Spirit   +   z - +2 hood of the Assassin {Detection Stab+ Stlth++}
rElec    .         Reflect  .   G - +2 cloak "Ykoqu" {rN+++}
rCorr    +         Harm     .   b - +2 pair of gloves {archery}
MR       ++...     Rnd*Rage +   p - +1 pair of boots {run} Stlth ++++......Rnd*Tele +
                                m - amulet of Xom's Malicious Joy {Spirit rPois Str+5 Dex+4}
HPRegen  0.40/turn              x - ring "Vyatu" {rF++ rCorr}
MPRegen  0.27/turn              A - ring "Bokob" {rF++ rC+ MR+ Int-2 Dex+4}

@: exhausted, no potions, very slightly contaminated, slowed, studying Maces &
Flails, very slow
A: distributed training, claws 1, fangs 2, large bone plates 1, molten scales 1,
berserk 1, dopey 1, frail 1, low mp 1, poison resistance, shaggy fur 1,
teleportitis 1, wild magic 1, evolution 1, inability to drink while threatened,
no air magic, no conjurations magic, no transmutations magic, inexperienced 1,
sturdy frame 1, strong nose
}: 5/15 runes: decaying, slimy, silver, abyssal, gossamer
a: Draw Out Power, Power Leap, Apocalypse, Renounce Religion


You were on level 1 of the Tomb of the Ancients.
You worshipped Ru.
Ru was exalted by your worship.
You were not hungry.

You visited 11 branches of the dungeon, and saw 53 of its levels.
You visited the Abyss 3 times.
You also visited: Trove, Sewer and Ossuary.

You collected 8927 gold pieces.
You spent 1011 gold pieces at shops.

Inventory:

Hand Weapons
 e - a +9 vorpal demon whip
 g - the +1 hand crossbow "Widufev" {freeze, +Inv Int+3}
   (You found it on level 3 of the Crypt)

   It causes projectiles fired from it to freeze those they strike, causing
   extra injury to most foes and up to half again as much damage against
   particularly susceptible opponents.
   They can also slow down cold-blooded creatures.
   It affects your intelligence (+3).
   It lets you turn invisible.
 B - a +9 sacred scourge of holy wrath (weapon)
Missiles
 d - 974 bolts
Armour
 a - the +1 helmet "Puckixke" {rN+++ rCorr}
   (You found it in a treasure trove)

   It renders you almost immune to negative energy.
   It provides partial protection from all sources of acid and corrosion.
 b - a +2 pair of gloves of archery (worn)
 i - +7 gold dragon scales (worn)
 j - a +3 buckler of reflection
 k - the +0 tower shield of Qanusak {rElec rC- MR++ Dex+2}
   (You found it in a treasure trove)

   It affects your dexterity (+2).
   It makes you vulnerable to cold.
   It insulates you from electricity.
   It affects your resistance to hostile enchantments.
 l - the +10 tower shield of Ignorance (worn) {rN+ Int-4}
   (You found it in a treasure trove)

   It affects your intelligence (-4).
   It protects you from negative energy.
 p - a +1 pair of boots of running (worn)
 z - the +2 hood of the Assassin (worn) {Detection Stab+ Stlth++}
   (You found it in a treasure trove)

   It makes you much more stealthy.
 G - the +2 cloak "Ykoqu" (worn) {rN+++}
   (You found it on level 6 of the Dungeon)

   It renders you almost immune to negative energy.
Jewellery
 m - the amulet of Xom's Malicious Joy (around neck) {Spirit rPois Str+5 Dex+4}
   (You found it on level 5 of the Pits of Slime)

   [amulet of guardian spirit]

   It causes incoming damage to be split between your health and magic.
   It affects your strength (+5).
   It affects your dexterity (+4).
   It protects you from poison.
 q - the amulet "Yfim" {Gourm rF+ rN+ Slay-4 SInv}
   (You found it on level 1 of the Depths)

   [amulet of the gourmand]

   It allows you to eat raw meat even when not hungry.
   It affects your accuracy and damage with ranged weapons and melee attacks
   (-4).
   It protects you from fire.
   It protects you from negative energy.
   It lets you see invisible.
 r - an uncursed ring of protection from cold
 x - the ring "Vyatu" (left hand) {rF++ rCorr}
   (You found it on level 3 of the Spider Nest)

   [ring of resist corrosion]

   It greatly protects you from fire.
   It provides partial protection from all sources of acid and corrosion.
 A - the ring "Bokob" (right hand) {rF++ rC+ MR+ Int-2 Dex+4}
   (You found it on level 3 of the Crypt)

   [ring of protection from magic]

   It affects your intelligence (-2).
   It affects your dexterity (+4).
   It greatly protects you from fire.
   It protects you from cold.
   It affects your resistance to hostile enchantments.
 H - an uncursed ring of protection from magic
 J - the amulet of the Oracle {Faith Dex+4}
   (You took it off a vault guard on level 5 of the Vaults)

   [amulet of faith]

   It allows you to gain divine favour quickly.
   It affects your dexterity (+4).
 R - the ring "Xese" {Fire rN+++ MR+ Str-2 Stlth-}
   (You found it on level 3 of the Spider Nest)

   [ring of fire]

   It enhances your fire magic.
   It affects your strength (-2).
   It protects you from fire.
   It makes you vulnerable to cold.
   It renders you almost immune to negative energy.
   It affects your resistance to hostile enchantments.
   It makes you less stealthy.
Wands
 s - a wand of disintegration (13)
 v - a wand of paralysis (46)
 w - a wand of polymorph (9)
 C - a wand of scattershot (8)
 I - a wand of enslavement (2)
 N - a wand of clouds (12)
 V - a wand of iceblast (6)
 W - a wand of acid (13)
 X - a wand of digging (11)
Scrolls
 c - 8 scrolls of magic mapping
 h - 9 scrolls of identify
 n - 10 scrolls of fog
 t - a scroll of brand weapon
 u - a scroll of blinking
 y - 30 scrolls of remove curse
 D - 5 scrolls of fear
 M - 10 scrolls of amnesia
 P - 11 scrolls of immolation
 Z - 6 scrolls of teleportation
Potions
 E - 12 potions of cancellation
 F - 12 potions of curing
 K - 10 potions of flight
 L - 5 potions of haste
 O - 4 potions of heal wounds
 Q - 4 potions of invisibility
 S - 6 potions of magic
 T - 5 potions of might
 U - 3 potions of resistance
Books
 o - a manual of Maces & Flails
Comestibles
 f - 54 rations
 Y - 6 chunks of flesh


   Skills:
 + Level 18.6 Fighting
 + Level 18.2 Short Blades
 + Level 18.2 Long Blades
 + Level 18.2 Axes
 + Level 19.6 Maces & Flails
 + Level 18.2 Polearms
 + Level 18.2 Staves
 + Level 19.5 Slings
 + Level 18.2 Bows
 + Level 18.2 Crossbows
 + Level 18.2 Throwing
 + Level 18.2 Armour
 + Level 18.6 Dodging
 + Level 18.3 Stealth
 + Level 18.2 Shields
 + Level 18.2 Unarmed Combat
 + Level 18.2 Spellcasting
   Level 0.0 Conjurations
 + Level 15.7 Hexes
 + Level 15.7 Charms
 + Level 15.7 Summonings
 + Level 15.7 Necromancy
 + Level 15.7 Translocations
   Level 0.0 Transmutations
 + Level 15.7 Fire Magic
 + Level 15.7 Ice Magic
   Level 0.0 Air Magic
 + Level 15.7 Earth Magic
 + Level 15.7 Poison Magic
 + Level 19.6 Invocations
 + Level 18.2 Evocations


You had 50 spell levels left.
You knew the following spells:

 Your Spells              Type           Power        Failure   Level  Hunger
a - Aura of Abjuration    Summ           #####.....   10%         5    #####..
b - Borgnjor's Vile Clut  Necr/Erth      #####.....   10%         5    #####..

Your spell library contained the following spells:

 Spells                   Type           Power        Failure   Level  Hunger
 Animate Skeleton         Necr           N/A          1%          1    None
 Corona                   Hex            #####..      1%          1    None
 Freeze                   Ice            ####         1%          1    None
 Infusion                 Chrm           ####         1%          1    None
 Summon Small Mammal      Summ           ####         1%          1    None
 Call Imp                 Summ           #####...     1%          2    None
 Ensorcelled Hibernation  Hex/Ice        #####.       1%          2    None
 Shroud of Golubria       Chrm/Tloc      #####.       1%          2    None
 Slow                     Hex            #####...     1%          2    None
 Song of Slaying          Chrm           #####...     1%          2    None
 Sublimation of Blood     Necr           #####.....   1%          2    None
 Call Canine Familiar     Summ           #####...     1%          3    None
 Confusing Touch          Hex            #####...     1%          3    None
 Frozen Ramparts          Ice            #####.       1%          3    None
 Inner Flame              Hex/Fire       #####...     1%          3    None
 Ozocubu's Armour         Chrm/Ice       #####...     1%          3    None
 Portal Projectile        Hex/Tloc       #####.       1%          3    None
 Recall                   Summ/Tloc      N/A          1%          3    None
 Spectral Weapon          Hex/Chrm       #####...     1%          3    None
 Summon Guardian Golem    Hex/Summ       #####...     1%          3    None
 Tukima's Dance           Hex            #####...     1%          3    None
 Animate Dead             Necr           N/A          4%          4    ###....
 Cause Fear               Hex            #####.....   4%          4    ###....
 Dispel Undead            Necr           #####...     4%          4    ###....
 Leda's Liquefaction      Hex/Erth       #####.....   4%          4    ###....
 Olgreb's Toxic Radiance  Pois           #####...     4%          4    ###....
 Summon Ice Beast         Ice/Summ       #####...     4%          4    ###....
 Excruciating Wounds      Chrm/Necr      #####.....   10%         5    #####..
 Summon Demon             Summ           #####.....   10%         5    #####..
 Summon Forest            Summ/Tloc      #####.....   10%         5    #####..
 Summon Mana Viper        Hex/Summ       #####...     10%         5    #####..
 Death Channel            Necr           #####.....   43%         6    ######.
 Shadow Creatures         Summ           N/A          43%         6    ######.
 Simulacrum               Ice/Necr       #####.....   43%         6    ######.
 Haunt                    Necr/Summ      #####.....   93%         7    #######
 Malign Gateway           Summ/Tloc      #####.....   93%         7    #######
 Ring of Flames           Chrm/Fire      #####.....   93%         7    #######
 Controlled Blink         Tloc           N/A          100%        8    #######
 Ignition                 Fire           #####.....   100%        8    #######
 Shatter                  Erth           #####.....   100%        9    #######
 Foxfire                  Conj/Fire      Unusable     N/A         1    N/A
 Sting                    Tmut/Pois      Unusable     N/A         1    N/A
 Ignite Poison            Fire/Tmut/Pois Unusable     N/A         3    N/A
 Passwall                 Tmut/Erth      Unusable     N/A         2    N/A
 Poisonous Vapours        Pois/Air       Unusable     N/A         2    N/A
 Conjure Flame            Conj/Fire      Unusable     N/A         3    N/A
 Dazzling Flash           Conj/Hex       Unusable     N/A         3    N/A
 Spider Form              Tmut/Pois      Unusable     N/A         3    N/A
 Mephitic Cloud           Conj/Pois/Air  Unusable     N/A         3    N/A
 Hailstorm                Conj/Ice       Unusable     N/A         4    N/A
 Ice Form                 Ice/Tmut       Unusable     N/A         4    N/A
 Petrify                  Tmut/Erth      Unusable     N/A         4    N/A
 Sticky Flame             Conj/Fire      Unusable     N/A         4    N/A
 Summon Lightning Spire   Summ/Air       Unusable     N/A         4    N/A
 Bolt of Magma            Conj/Fire/Erth Unusable     N/A         5    N/A
 Beastly Appendage        Tmut           Unusable     N/A         1    N/A
 Shock                    Conj/Air       Unusable     N/A         1    N/A
 Alistair's Intoxication  Tmut/Pois      Unusable     N/A         5    N/A
 Fireball                 Conj/Fire      Unusable     N/A         5    N/A
 Iskenderun's Battlesphe  Conj/Chrm      Unusable     N/A         5    N/A
 Sticks to Snakes         Tmut           Unusable     N/A         2    N/A
 Static Discharge         Conj/Air       Unusable     N/A         3    N/A
 Blade Hands              Tmut           Unusable     N/A         5    N/A
 Irradiate                Conj/Tmut      Unusable     N/A         5    N/A
 Lightning Bolt           Conj/Air       Unusable     N/A         5    N/A
 Eringya's Noxious Bog    Tmut/Pois      Unusable     N/A         6    N/A
 Freezing Cloud           Conj/Ice/Air   Unusable     N/A         6    N/A
 Hydra Form               Tmut           Unusable     N/A         6    N/A
 Iron Shot                Conj/Erth      Unusable     N/A         6    N/A
 Statue Form              Tmut/Erth      Unusable     N/A         6    N/A
 Dragon Form              Tmut           Unusable     N/A         7    N/A
 Orb of Destruction       Conj           Unusable     N/A         7    N/A
 Spellforged Servitor     Conj/Summ      Unusable     N/A         7    N/A
 Tornado                  Air            Unusable     N/A         9    N/A

Dungeon Overview and Level Annotations

Branches:
Dungeon (15/15)            Temple (0/1) D:6            Lair (6/6) D:9
  Swamp (4/4) Lair:4       Spider (4/4) Lair:4        Slime (5/5) Lair:6
    Orc (2/2) D:9             Elf (3/3) Orc:2        Vaults (5/5) D:13
  Crypt (3/3) Vaults:3       Tomb (1/3) Crypt:3      Depths (5/5) D:15
    Zot (0/5) Depths:5      Sewer (visited)         Ossuary (visited)

Altars:
Ashenzari
Cheibriados
Elyvilon
Fedhas
Gozag
Hepliaklqana
Kikubaaqudgha
Nemelex Xobeh
Qazlal
Ru
Sif Muna
Trog
Uskayaw
Yredelemnul
Zin
The Shining One
Beogh
Lugonu

Shops:
D:10 [   D:11 !*   D:12 !   Orc:1 *[=(:   Orc:2 *%!=   Elf:1 (   Vaults:1 [
Vaults:4 [   Depths:2 %[   Depths:3 }=}

Portals:
Hell: Depths:1 Depths:2 Depths:3 Depths:4 Depths:5
Abyss: Depths:3 Depths:4 Depths:5
Pandemonium: Depths:3 Depths:4
Ziggurat: Depths:5

Annotations:
D:11 Azrael
Lair:4 exclusion: ice statue


Innate Abilities, Weirdness & Mutations

Your experience applies equally to all skills.
You have extremely sharp teeth.
You are frail. (-10% HP)
Your magical capacity is low. (-10% MP)
You cannot drink potions while threatened.
You cannot study or cast Air magic.
You cannot study or cast Conjurations magic.
You cannot study or cast Transmutations magic.
You are somewhat inexperienced. (-2 XL)
Your uncanny sense of smell can sniff out nearby items.
You have sharp fingernails.
You are partially covered in large bone plates. (SH +4)
You are partially covered in molten scales. (AC +2)
You tend to lose your temper in combat.
You are dopey. (Int -2)
Your system is resistant to poisons. (rPois)
You are covered in fur. (AC +1)
You are occasionally teleported next to monsters.
Your spells are a little harder to cast, but a little more powerful.
You evolve.
Your movements are slightly less encumbered by armour. (ER -2)


Message History

Evoke which item? (* to show all) (? for menu, Esc to quit)
Aiming: Corrosive Bolt
Press: ? - help, Shift-Dir - straight line, f - greater mummy
Aim: a greater mummy (black smoke, severely damaged)
The bolt of acid hits the greater mummy!!!
The greater mummy is splashed with acid.
The acid corrodes the greater mummy!
The greater mummy is almost destroyed.
Your aura of abjuration expires.
Evoke which item? (* to show all) (? for menu, Esc to quit)
Aiming: Corrosive Bolt
Press: ? - help, Shift-Dir - straight line, f/p - greater mummy
Aim: a greater mummy (black smoke, almost destroyed, covered in acid)
The bolt of acid hits the greater mummy!!
The greater mummy is splashed with acid.
You destroy the greater mummy!
You feel extremely nervous for a moment...
Pain shoots through your body!!
You feel threatened and lose the ability to drink potions!
You die...

...8...8.........................
............(.......)....†.......
##.......##################......
.8...8. ## #...... ..... ##.
#...... # .. #...... ##. §#### {
#...... ##..§#§§§## #...... #..
#§@§§.## #...... #>.#§§§§...#
#...... #...#§....## #......
##..{#§..## #...... ##.{.####{ {
#...... ##.z.4....#{ #..)...
##§.....## #...... ######## {{
#...... { { #......


There were no monsters in sight!

Vanquished Creatures
  the Royal Jelly (Slime:5)
  Dissolution (Slime:2)
  Khufu (Crypt:3)
  4 ancient liches
  Mennas (Vaults:2)
  2 juggernauts
  Sojobo (Depths:1)
  5 greater mummies (Tomb:1)
  Boris (thrice) (Crypt:2 Depths:2 Depths:5)
  Frederick (Depths:5)
  the Lernaean hydra (Swamp:4)
  Bai Suzhen (Vaults:5)
  Saint Roka (Depths:5)
  8 caustic shrikes
  5 golden dragons
  the Enchantress (Depths:5)
  Nikola (Spider:2)
  A profane servitor (Crypt:3)
  3 liches
  A bone dragon (Crypt:3)
  Jorgrun (Swamp:3)
  7 tentacled monstrosities
  Asterion (Depths:3)
  2 deep elf blademasters (Elf:3)
  A quicksilver dragon (shapeshifter) (Depths:4)
  2 deep elf master archers (Elf:3)
  10 titans
  3 quicksilver dragons
  25 acid blobs
  9 sphinxes
  3 tentacled starspawn (Depths:1)
  3 storm dragons
  3 ancient champions
  3 thorn hunters
  7 shadow dragons
  2 revenants
  7 tengu reavers
  16 azure jellies
  10 fire giants
  The ghost of Daphesm the Executioner, an adept FoWn of Okawaru (Elf:3)
  10 frost giants
  The ghost of surprisetrex the Fighter, a journeyman DrIE of Vehumet (Swamp:1)
  An iron dragon (Depths:4)
  3 draconian knights
  A ghost moth (shapeshifter) (Depths:1)
  3 ghost moths
  3 emperor scorpions
  17 vault wardens
  The ghost of EnegeticOcto the Severer, a journeyman DDFi of Makhleb (Spider:3)
  An orc warlord (Orc:2)
  A caustic shrike zombie (Depths:1)
  5 deep elf sorcerers
  A juggernaut zombie (Depths:4)
  A draconian annihilator (Abyss:3)
  A draconian shifter (Depths:5)
  2 angels (Abyss:3)
  7 spriggan defenders
  A curse skull (Crypt:2)
  5 ghouls
  12 ironheart preservers
  A caustic shrike skeleton (Depths:1)
  A reaper (Crypt:2)
  23 stone giants
  21 very ugly things
  7 entropy weavers
  7 vampire knights
  7 deep elf demonologists
  A black draconian (Depths:5)
  13 deep elf annihilators
  2 purple draconians (Depths:5)
  A green draconian (Depths:5)
  The ghost of Lugonue the Thaumaturge, a journeyman OpVM of Vehumet (Lair:1)
  15 spark wasps
  A red draconian (Depths:5)
  A white draconian (Depths:5)
  11 ettins
  4 eidola
  11 death oozes
  8 yaktaur captains
  2 mummy priests (Crypt:3)
  A green death (Depths:4)
  8 deep elf death magi
  2 merfolk impalers
  35 vault guards
  9 great orbs of eyes
  12 ice dragons
  15 jiangshi
  7 fire dragons
  Erolcha (D:13)
  Josephine (D:11)
  4 deep elf high priests
  An ice dragon (shapeshifter) (Depths:5)
  A caustic shrike simulacrum (Depths:4)
  19 hydras
  7 rakshasas
  8 spriggan air magi
  Fannar (D:11)
  3 shambling mangroves
  49 two-headed ogres
  11 death knights
  16 alligators
  11 centaur warriors
  A two-headed ogre (shapeshifter) (Depths:4)
  2 ghost crabs
  28 dancing weapons
  Erica (D:11)
  5 death scarabs (Tomb:1)
  13 ogre magi
  7 deep troll shamans
  5 tengu warriors
  6 thrashing horrors
  7 vampire magi
  17 death yaks
  5 deep troll earth magi
  4 spriggan berserkers
  6 orc high priests
  A shock serpent (shapeshifter) (Vaults:5)
  Sonja (D:13)
  Nergalle (D:11)
  5 iron trolls
  A soul eater (Crypt:2)
  13 deep elf knights
  A fire crab (shapeshifter) (Depths:1)
  2 wretched stars (Abyss:3)
  22 skeletal warriors
  4 spriggan druids
  8 hell knights
  12 flayed ghosts
  5 shadow wraiths
  41 deep trolls
  A death drake (shapeshifter) (Vaults:4)
  2 spatial maelstroms
  An infernal demonspawn (Depths:4)
  3 unseen horrors
  A spark wasp zombie (Depths:1)
  An anaconda zombie (Crypt:1)
  10 swamp dragons
  8 wizards
  6 deep elf archers
  3 glowing orange brains
  A golden dragon skeleton (Depths:1)
  18 ironbrand convokers
  A lindwurm (Lair:6)
  17 orc knights
  8 phantasmal warriors
  A spectral hydra (Swamp:1)
  63 deep elf magi
  2 wolf spider zombies
  A stone giant zombie (Depths:1)
  A shadow dragon skeleton (Crypt:2)
  8 shining eyes
  42 ugly things
  29 wolf spiders
  A spectral ice dragon (Crypt:3)
  6 orc sorcerers
  12 orb spiders
  8 necromancers
  A fire giant zombie (Depths:1)
  A frost giant zombie (Depths:1)
  5 draconians (Abyss:3)
  29 cyclopes
  4 manticores
  A moth of wrath (shapeshifter) (Vaults:5)
  A manticore (shapeshifter) (Elf:1)
  A frost giant skeleton (Depths:1)
  4 moths of wrath
  19 elephants
  2 eyes of devastation
  A spriggan zombie (Depths:1)
  2 apocalypse crabs
  A gargoyle (D:13)
  3 orange demons (Elf:2)
  A green draconian zombie (Crypt:1)
  12 vault sentinels
  Maggie (Lair:2)
  2 molten gargoyles (Lair:6)
  4 black mambas
  4 torpor snails
  17 spiny frogs
  A rime drake (Lair:2)
  A spriggan skeleton (Depths:1)
  3 smoke demons
  2 kobold demonologists
  A storm dragon simulacrum (Depths:4)
  12 komodo dragons
  12 freezing wraiths
  A hellion (Abyss:3)
  A swamp worm zombie (Crypt:2)
  A komodo dragon (shapeshifter) (Vaults:3)
  A sea snake zombie (Crypt:1)
  44 yaktaurs
  A yaktaur (shapeshifter) (D:15)
  6 demonic crawlers
  11 guardian mummies
  5 tengu conjurers
  2 red devils (Depths:4)
  3 polar bears
  2 queen bees (shapeshifter)
  A queen bee (Lair:1)
  A merfolk (shapeshifter) (Vaults:5)
  12 trolls
  23 jumping spiders
  4 meliai
  27 hornets
  A jumping spider (shapeshifter) (Depths:2)
  A troll (shapeshifter) (Elf:2)
  7 tyrant leeches
  A harpy skeleton (Crypt:1)
  Grinder (D:3)
  10 bog bodies
  2 blink frogs (shapeshifter)
  A shadow dragon simulacrum (Depths:4)
  An elf zombie (Depths:1)
  17 blink frogs
  8 hippogriffs
  159 slime creatures
  A fire dragon zombie (Depths:1)
  A fire giant simulacrum (Crypt:3)
  A raiju (Abyss:3)
  66 flying skulls
  A frost giant simulacrum (Crypt:3)
  6 shadows
  26 tarantellas
  A black mamba zombie (Crypt:2)
  64 redbacks
  A redback (shapeshifter) (Depths:4)
  2 ynoxinuls
  2 air elementals
  3 wyverns
  13 spriggans
  A spriggan (shapeshifter) (Vaults:3)
  15 wraiths
  30 yaks
  A black mamba skeleton (Abyss:3)
  13 water elementals
  A vampire (D:13)
  2 chaos spawn
  A human (shapeshifter) (D:13)
  2 ushabtiu (Tomb:1)
  A fire bat (shapeshifter) (Vaults:4)
  A golden eye (shapeshifter) (Depths:3)
  7 golden eyes
  3 hungry ghosts
  A neqoxec (Abyss:1)
  6 basilisks
  23 vampire mosquitoes
  7 fire elementals
  A spatial vortex (Abyss:3)
  19 large abominations
  14 swamp worms
  6 hell hounds
  5 acid dragons
  A soldier ant (D:10)
  A soldier ant (shapeshifter) (Vaults:1)
  8 wargs
  9 water moccasins
  A water moccasin (shapeshifter) (Vaults:5)
  A hydra simulacrum (Swamp:1)
  A torturous demonspawn skeleton (Crypt:1)
  A two-headed ogre skeleton (Crypt:2)
  A floating eye (Slime:5)
  3 porcupines
  An acid dragon (shapeshifter) (Depths:1)
  11 swamp drakes
  A black bear (shapeshifter) (Vaults:4)
  64 orc warriors
  9 ice beasts
  4 sky beasts
  A black bear (D:6)
  A phantom (D:8)
  5 eyes of draining
  4 necrophages (Crypt:3)
  9 boggarts
  39 ogres
  15 centaurs
  9 crocodiles
  5 wolves
  2 spriggan simulacra
  7 big kobolds
  A big kobold (shapeshifter) (Depths:3)
  Blork the orc (D:4)
  10 bullfrogs
  A draconian skeleton (Crypt:1)
  3 earth elementals
  A glowing shapeshifter simulacrum (Vaults:3)
  2 elf skeletons
  A water moccasin zombie (Crypt:1)
  2 wyvern skeletons (D:7)
  16 small abominations
  11 scorpions
  18 killer bees
  A howler monkey (D:7)
  A troll skeleton (Crypt:1)
  19 wights
  A wolf zombie (Crypt:2)
  An electric eel (Spider:4)
  A yaktaur simulacrum (Depths:1)
  2 bullfrog zombies
  2 centaur zombies
  7 lava snakes
  9 starcursed masses
  9 crimson imps
  2 human zombies (Ossuary)
  A quasit (D:11)
  40 orc priests
  A demonspawn zombie (Crypt:1)
  2 bullfrog skeletons
  6 centaur skeletons
  3 hounds
  9 jellies
  38 orc wizards
  Crazy Yiuf (D:4)
  3 iguanas
  8 worker ants
  A worker ant (shapeshifter) (Depths:1)
  A killer bee zombie (D:10)
  An acid dragon skeleton (Crypt:2)
  A hound skeleton (D:5)
  3 mummies (Ossuary)
  13 adders
  8 gnolls
  A howler monkey skeleton (D:9)
  13 shadow imps
  2 white imps (Lair:4)
  11 oozes
  2 adder skeletons (D:4)
  A halfling skeleton (Crypt:2)
  5 worms
  5 dart slugs
  4 leopard geckos
  174 orcs
  5 ball pythons (Sewer)
  7 bats
  4 giant cockroaches
  A gnoll zombie (Ossuary)
  9 goblins
  10 hobgoblins
  8 jackals
  4 quokkas
  4 frilled lizards
  A goblin zombie (Ossuary)
  A hobgoblin zombie (Ossuary)
  A jackal skeleton (D:8)
  35 kobolds
  2 kobold zombies (Ossuary)
  An orc skeleton (Crypt:2)
  A quokka zombie (D:5)
  10 rats
  A briar patch (Swamp:4)
  A butterfly (Lair:2)
  3 crawling corpses
  A lurking horror (Depths:1)
  A plant (Depths:2)
  A starspawn tentacle (Abyss:3)
2732 creatures vanquished.

Vanquished Creatures (collateral kills)
  2 deep elf magi (Elf:2)
2 creatures vanquished.

Vanquished Creatures (others)
  2 caustic shrikes
  An ancient champion (Depths:3)
  Agnes (Depths:3)
  A tengu reaver (Vaults:5)
  An azure jelly (Slime:5)
  Louise (Swamp:4)
  A deep elf elementalist (Elf:3)
  A deep elf sorcerer (Vaults:5)
  A vault warden (Vaults:5)
  An ironheart preserver (Vaults:4)
  3 stone giants
  2 deep elf demonologists
  2 deep elf annihilators
  A yellow draconian (Depths:5)
  A death ooze (Slime:5)
  A merfolk javelineer (Depths:3)
  2 deep elf death magi (Elf:3)
  A jiangshi (Crypt:3)
  A deep elf high priest (Elf:3)
  A fire dragon (Depths:1)
  2 great orbs of eyes
  A vault guard (Vaults:2)
  4 hydras
  6 two-headed ogres
  3 alligators
  A death scarab (Tomb:1)
  A dancing weapon (Elf:2)
  A deep troll earth mage (Depths:5)
  2 deep elf knights
  A deep troll (Depths:2)
  A deep elf archer (Elf:2)
  2 orc knights
  An ironbrand convoker (Vaults:2)
  3 wolf spiders
  4 deep elf magi
  An ugly thing (Depths:2)
  An elephant (Lair:5)
  A troll (D:11)
  2 tyrant leeches (Swamp:1)
  2 hippogriffs
  A slime creature (Slime:4)
  A flying skull (Crypt:2)
  A spriggan (Swamp:1)
  2 redbacks
  2 tarantellas
  A vampire mosquito (Swamp:3)
  A golden eye (Slime:3)
  2 swamp worms
  2 orc warriors
  2 boggarts
  A centaur (Depths:3)
  A crimson imp (D:9)
  A starcursed mass (Abyss:3)
  A ball lightning (Spider:3)
  7 orcs
  A briar patch (Swamp:4)
  A bush (Lair:5)
  A crawling corpse (Elf:3)
  15 fungi
  9 plants
  9 starspawn tentacles (Abyss:3)
128 creatures vanquished.

Grand Total: 2862 creatures vanquished

Notes
Turn   | Place    | Note
-------+----------+-------------------------------------------
     0 | D:1      | xccam the Gnoll Hunter began the quest for the Orb.
     0 | D:1      | Reached XP level 1. HP: 20/20 MP: 1/1
    55 | D:1      | Reached XP level 2. HP: 19/26 MP: 2/2
   328 | D:1      | Reached XP level 3. HP: 31/31 MP: 3/3
   691 | D:2      | Reached skill level 1 in Invocations
   857 | D:2      | Reached skill level 1 in Short Blades
   857 | D:2      | Reached skill level 1 in Long Blades
   857 | D:2      | Reached skill level 1 in Axes
   857 | D:2      | Reached skill level 1 in Maces & Flails
   857 | D:2      | Reached skill level 1 in Polearms
   857 | D:2      | Reached skill level 1 in Staves
   857 | D:2      | Reached skill level 1 in Bows
   857 | D:2      | Reached skill level 1 in Crossbows
   857 | D:2      | Reached skill level 1 in Throwing
   857 | D:2      | Reached skill level 1 in Armour
   857 | D:2      | Reached skill level 1 in Shields
   857 | D:2      | Reached skill level 1 in Unarmed Combat
   857 | D:2      | Reached skill level 1 in Spellcasting
   857 | D:2      | Reached skill level 1 in Evocations
   857 | D:2      | Reached XP level 4. HP: 38/38 MP: 5/5
   897 | D:2      | Reached skill level 1 in Conjurations
   897 | D:2      | Reached skill level 1 in Hexes
   897 | D:2      | Reached skill level 1 in Charms
   897 | D:2      | Reached skill level 1 in Summonings
   897 | D:2      | Reached skill level 1 in Necromancy
   897 | D:2      | Reached skill level 1 in Translocations
   897 | D:2      | Reached skill level 1 in Transmutations
   897 | D:2      | Reached skill level 1 in Fire Magic
   897 | D:2      | Reached skill level 1 in Ice Magic
   897 | D:2      | Reached skill level 1 in Air Magic
   897 | D:2      | Reached skill level 1 in Earth Magic
   897 | D:2      | Reached skill level 1 in Poison Magic
  1437 | D:3      | Found a snail-covered altar of Cheibriados.
  1533 | D:3      | Reached XP level 5. HP: 43/43 MP: 6/6
  1533 | D:3      | Noticed Grinder
  1544 | D:3      | Paralysed by Grinder for 4 turns
  1565 | D:3      | Paralysed by Grinder for 6 turns
  1583 | D:3      | Paralysed by Grinder for 3 turns
  1588 | D:3      | Killed Grinder
  1588 | D:3      | Reached skill level 5 in Fighting
  1588 | D:3      | Reached skill level 5 in Dodging
  1588 | D:3      | Reached XP level 6. HP: 49/51 MP: 6/8
  1695 | D:3      | Found a snail-covered altar of Cheibriados.
  1765 | D:3      | Found a hazy altar of Hepliaklqana.
  2087 | D:3      | Found a glowing silver altar of Zin.
  2208 | D:4      | Found a sacrificial altar of Ru.
  2229 | D:4      | Became a worshipper of Ru the Awakened
  2264 | D:4      | Found a transporter.
  2329 | D:4      | Found a glowing drain.
  2356 | Sewer    | Entered a sewer
  2414 | Sewer    | Reached XP level 7. HP: 55/56 MP: 10/10
  2860 | D:4      | Noticed Blork the orc
  2880 | D:4      | Killed Blork the orc
  3122 | D:4      | Found a runed translucent door.
  3123 | D:4      | Noticed Crazy Yiuf
  3138 | D:4      | Killed Crazy Yiuf
  3149 | D:4      | Got a warped mace
  3150 | D:4      | Identified the +7 mace of the Moon {venom, rPois rC- MR+
                  | Dex+3} (You found it on level 4 of the Dungeon)
  3186 | D:4      | Found a transporter.
  3561 | D:4      | Gained mutation: You are somewhat inexperienced. (-2 XL)
                  | [Ru sacrifice]
  3561 | D:4      | Reached XP level 6. HP: 51/51 MP: 10/10
  3561 | D:4      | Reached XP level 5. HP: 44/44 MP: 9/9
  3561 | D:4      | Reached * piety under Ru
  3561 | D:4      | Reached ** piety under Ru
  3648 | D:5      | Entered Level 5 of the Dungeon
  3659 | D:5      | Reached XP level 6. HP: 47/51 MP: 10/10
  3688 | D:5      | Noticed an ice beast
  3718 | D:5      | Killed an ice beast
  3752 | D:5      | Found a sparkling altar of Nemelex Xobeh.
  3855 | D:5      | Reached XP level 7. HP: 52/56 MP: 11/11
  4373 | D:6      | Reached XP level 8. HP: 29/64 MP: 10/13
  4565 | D:6      | Found a blossoming altar of Fedhas.
  4688 | D:6      | Found a staircase to the Ecumenical Temple.
  4805 | D:6      | Got a steaming cloak
  4816 | D:6      | Identified the +2 cloak "Ykoqu" {rN+++} (You found it on
                  | level 6 of the Dungeon)
  4868 | D:6      | You fall into a shaft and drop 1 floor!
  4908 | D:7      | Identified the cursed +1 hunting sling of Adydan {freeze,
                  | Dex+2 SInv}
  4948 | D:7      | Noticed a hippogriff
  4985 | D:7      | Found a white marble altar of Elyvilon.
  5309 | D:7      | Noticed a troll
  5314 | D:7      | Reached XP level 9. HP: 44/69 MP: 15/15
  5637 | D:6      | Found a basalt altar of Yredelemnul.
  5711 | D:6      | Found a glowing golden altar of the Shining One.
  5713 | D:6      | Noticed an angel
  5725 | D:6      | Noticed a profane servitor
  5767 | D:6      | Reached skill level 5 in Stealth
  5814 | D:6      | Found a bloodstained altar of Trog.
  5945 | D:7      | Gained mutation: You cannot drink potions while threatened.
                  | [Ru sacrifice]
  5945 | D:7      | Reached *** piety under Ru
  6184 | D:6      | Reached skill level 5 in Invocations
  6329 | D:7      | Identified the +8 rapier of Zineor {freeze, rPois Dex+3}
  6333 | D:7      | Identified the ring of Nanneom {rN+ Str+6}
  6493 | D:7      | Noticed a cyan ugly thing
  6502 | D:6      | Killed a troll
  7137 | D:7      | Reached skill level 5 in Short Blades
  7137 | D:7      | Reached skill level 5 in Long Blades
  7137 | D:7      | Reached skill level 5 in Axes
  7137 | D:7      | Reached skill level 5 in Maces & Flails
  7137 | D:7      | Reached skill level 5 in Polearms
  7137 | D:7      | Reached skill level 5 in Staves
  7137 | D:7      | Reached skill level 5 in Bows
  7137 | D:7      | Reached skill level 5 in Crossbows
  7137 | D:7      | Reached skill level 5 in Throwing
  7137 | D:7      | Reached skill level 5 in Armour
  7137 | D:7      | Reached skill level 5 in Shields
  7137 | D:7      | Reached skill level 5 in Unarmed Combat
  7137 | D:7      | Reached skill level 5 in Spellcasting
  7137 | D:7      | Reached skill level 5 in Evocations
  7137 | D:7      | Reached XP level 10. HP: 76/77 MP: 17/17
  7296 | D:7      | Found a shimmering blue altar of Sif Muna.
  7443 | D:7      | Found a hide-covered altar of Uskayaw.
  7614 | D:8      | Found a sand-covered staircase.
  7624 | Ossuary  | Entered an ossuary
  7901 | D:8      | Reached skill level 10 in Slings
  8487 | D:9      | Found an opulent altar of Gozag.
  8597 | D:8      | Gained mutation: Your magical capacity is low. (-10% MP)
                  | [Ru sacrifice]
  8597 | D:8      | Reached **** piety under Ru
  8879 | D:9      | Found a stormy altar of Qazlal.
  9056 | D:9      | Found a staircase to the Lair.
  9267 | D:9      | Found a staircase to the Orcish Mines.
  9350 | D:10     | Entered Level 10 of the Dungeon
  9477 | D:10     | Reached XP level 11. HP: 84/84 MP: 17/17
  9872 | D:10     | Found Gis Nurafa's Antique Armour Shoppe.
  9875 | D:10     | Bought a brightly glowing scale mail for 180 gold pieces
  9885 | D:10     | Identified the cursed +1 scale mail of Anu Ogasm {Int+9
                  | Stlth+} (You bought it in a shop on level 10 of the
                  | Dungeon)
 10070 | D:11     | Noticed Erica
 10088 | D:11     | Killed Erica
 10088 | D:11     | Reached skill level 5 in Conjurations
 10088 | D:11     | Reached skill level 5 in Hexes
 10088 | D:11     | Reached skill level 5 in Charms
 10088 | D:11     | Reached skill level 5 in Summonings
 10088 | D:11     | Reached skill level 5 in Necromancy
 10088 | D:11     | Reached skill level 5 in Translocations
 10088 | D:11     | Reached skill level 5 in Transmutations
 10088 | D:11     | Reached skill level 5 in Fire Magic
 10088 | D:11     | Reached skill level 5 in Ice Magic
 10088 | D:11     | Reached skill level 5 in Air Magic
 10088 | D:11     | Reached skill level 5 in Earth Magic
 10088 | D:11     | Reached skill level 5 in Poison Magic
 10120 | D:11     | Noticed a manticore
 10129 | D:11     | Killed a manticore
 10153 | D:11     | Noticed a centaur warrior
 10269 | D:11     | Found Fiehydgh's Distillery.
 10320 | D:11     | Killed a centaur warrior
 10483 | D:11     | Found a glowing silver altar of Zin.
 10494 | D:11     | Noticed an angel
 10495 | D:11     | Found Tenuges's Hallowed Reliquary.
 10512 | D:11     | Noticed Josephine
 10544 | D:11     | Killed Josephine
 10564 | D:11     | Noticed Nergalle
 10581 | D:11     | Killed Nergalle
 10978 | D:11     | Noticed Fannar
 10986 | D:11     | Killed an unseen horror
 10986 | D:11     | Reached XP level 12. HP: 71/94 MP: 20/20
 11002 | D:11     | Killed Fannar
 11682 | D:12     | Noticed a tengu warrior
 11757 | D:12     | Noticed Azrael
 11981 | D:11     | Gained mutation: You are frail. (-10% HP) [Ru sacrifice]
 11981 | D:11     | Reached ***** piety under Ru
 13183 | D:11     | Killed a tengu warrior
 13338 | D:12     | Noticed a two-headed ogre
 13350 | D:12     | Killed a two-headed ogre
 14342 | D:12     | Found Vyetaq's Distillery.
 14437 | D:12     | Upgraded the game from 0.25-a0-731-g0472a16d6a to
                  | 0.25-a0-734-g73332aeda9
 14486 | D:13     | Noticed Erolcha
 14489 | D:13     | Killed Erolcha
 14562 | D:13     | Reached XP level 13. HP: 54/90 MP: 20/22
 14714 | D:13     | Found a gate to the Vaults.
 14714 | D:13     | Noticed a vault guard
 14714 | D:13     | Noticed a vault guard
 14714 | D:13     | Noticed a vault guard
 14715 | D:13     | Noticed a vault guard
 15096 | D:13     | Found a portal to a secret trove of treasure.
 15349 | D:13     | Killed a vault guard
 15505 | D:13     | Killed a vault guard
 15583 | D:13     | Killed a vault guard
 15723 | D:13     | Killed a vault guard
 15737 | D:13     | Noticed Sonja
 15743 | D:13     | Cast into level 1 of the Abyss (Sonja)
 15995 | Abyss:1  | Noticed a hellephant
 15996 | Abyss:1  | Noticed a cacodemon
 16018 | Abyss:1  | Noticed a great orb of eyes
 16031 | Abyss:1  | Gained mutation: You cannot study or cast Air magic. [Ru
                  | sacrifice]
 16031 | Abyss:1  | Gained mutation: You cannot study or cast Transmutations
                  | magic. [Ru sacrifice]
 16031 | Abyss:1  | Gained mutation: You cannot study or cast Conjurations
                  | magic. [Ru sacrifice]
 16031 | Abyss:1  | Reached ****** piety under Ru
 16031 | Abyss:1  | Killed a great orb of eyes
 16197 | Abyss:1  | Noticed a bone dragon
 16430 | Abyss:3  | Noticed a tentacled monstrosity
 16700 | Abyss:3  | Gained mutation: You occasionally shout uncontrollably at
                  | your foes. [a shining eye]
 16840 | Abyss:3  | Noticed a starcursed mass
 16846 | Abyss:3  | Noticed a tentacled starspawn
 16873 | D:13     | Escaped the Abyss
 16874 | D:13     | Killed Sonja
 16874 | D:13     | Reached XP level 14. HP: 68/98 MP: 19/24
 16925 | D:13     | Lost mutation: You occasionally shout uncontrollably at
                  | your foes. [potion of mutation]
 16925 | D:13     | Gained mutation: Scrolls take you a little longer to read.
                  | [potion of mutation]
 16925 | D:13     | Gained mutation: You have large cloven feet. [potion of
                  | mutation]
 16926 | D:13     | Lost mutation: You have large cloven feet. [potion of
                  | mutation]
 16926 | D:13     | Lost mutation: Scrolls take you a little longer to read.
                  | [potion of mutation]
 16926 | D:13     | Gained mutation: Your system is resistant to poisons.
                  | (rPois) [potion of mutation]
 16926 | D:13     | Gained mutation: You are partially covered in large bone
                  | plates. (SH +4) [potion of mutation]
 17455 | D:14     | Reached skill level 10 in Fighting
 17455 | D:14     | Reached skill level 10 in Dodging
 17923 | Lair:1   | Entered Level 1 of the Lair of Beasts
 17981 | Lair:1   | Found a transporter.
 17985 | Lair:1   | Found a transporter.
 17987 | Lair:1   | Noticed Lugonue's ghost (journeyman OpVM)
 18252 | Lair:1   | Found a snail-covered altar of Cheibriados.
 18841 | Lair:1   | Killed Lugonue's ghost
 18864 | Lair:1   | Identified the Collected Works on Moulding and Orientation
 19088 | Lair:2   | Noticed Maggie
 19103 | Lair:2   | Killed Maggie
 19707 | Lair:3   | Reached skill level 10 in Invocations
 20628 | Lair:4   | Found a staircase to the Swamp.
 21236 | Lair:4   | Found a hole to the Spider Nest.
 21524 | Lair:5   | Reached XP level 15. HP: 47/105 MP: 17/25
 21955 | Lair:5   | Reached skill level 10 in Stealth
 22815 | Lair:6   | Entered Level 6 of the Lair of Beasts
 23167 | Lair:6   | Found a large runed translucent door.
 23168 | Lair:6   | Found a large runed translucent door.
 23579 | Lair:6   | Reached skill level 10 in Short Blades
 23579 | Lair:6   | Reached skill level 10 in Long Blades
 23579 | Lair:6   | Reached skill level 10 in Axes
 23579 | Lair:6   | Reached skill level 10 in Maces & Flails
 23579 | Lair:6   | Reached skill level 10 in Polearms
 23579 | Lair:6   | Reached skill level 10 in Staves
 23579 | Lair:6   | Reached skill level 10 in Bows
 23579 | Lair:6   | Reached skill level 10 in Crossbows
 23579 | Lair:6   | Reached skill level 10 in Throwing
 23579 | Lair:6   | Reached skill level 10 in Armour
 23579 | Lair:6   | Reached skill level 10 in Shields
 23579 | Lair:6   | Reached skill level 10 in Unarmed Combat
 23579 | Lair:6   | Reached skill level 10 in Spellcasting
 23579 | Lair:6   | Reached skill level 10 in Evocations
 23782 | Lair:6   | Got a pair of brightly glowing gloves
 23783 | Lair:6   | Identified the cursed +0 pair of gloves "Asaudura" {rCorr}
                  | (You found it on level 6 of the Lair of Beasts)
 24088 | Lair:6   | Found a staircase to the Slime Pits.
 24852 | Orc:1    | Entered Level 1 of the Orcish Mines
 25034 | Orc:1    | Found Ciogytyr's Book Shop.
 25156 | Orc:1    | Found Jont's Weapon Boutique.
 25187 | Orc:1    | Found Vaosourph's Jewellery Shop.
 25190 | Orc:1    | Found Humnuf's Assorted Antiques.
 25192 | Orc:1    | Found Xagac's Antique Armour Boutique.
 25230 | Orc:1    | Bought a crystal long sword for 195 gold pieces
 25230 | Orc:1    | Identified the +6 long sword of Glory {holy, +Inv rC- Int+3
                  | Dex+2} (You bought it in a shop on level 1 of the Orcish
                  | Mines)
 25355 | Orc:2    | Entered Level 2 of the Orcish Mines
 25729 | Orc:2    | Found a roughly hewn altar of Beogh.
 25889 | Orc:2    | Found Obiun's Assorted Antiques.
 25918 | Orc:2    | Reached XP level 16. HP: 97/112 MP: 27/27
 25930 | Orc:2    | Found Susuih's Food Shoppe.
 26816 | Orc:2    | Found a roughly hewn altar of Beogh.
 26907 | Orc:2    | Found Mabbathe's Jewellery Boutique.
 27260 | Orc:2    | Found Qacleas's Distillery.
 27278 | Orc:2    | Gained mutation: You are weak. (Str -2) [a neqoxec]
 27692 | Orc:2    | Paralysed by an orc sorcerer for 6 turns
 27809 | Orc:2    | Found a staircase to the Elven Halls.
 28154 | Swamp:1  | Entered Level 1 of the Swamp
 28154 | Swamp:1  | Found a transporter.
 28159 | Swamp:1  | Noticed surprisetrex's ghost (journeyman DrIE)
 28179 | Swamp:1  | Found a transporter.
 28289 | Swamp:1  | Killed surprisetrex's ghost
 28421 | Swamp:1  | Identified the ring of the Aged Suns {MR+ Str+2 Int+7} (You
                  | found it on level 1 of the Swamp)
 28428 | Swamp:1  | Reached XP level 17. HP: 75/118 MP: 28/28
 29941 | Swamp:1  | Identified the +6 scimitar "Fish" {venom, +Inv rC++ Str-4
                  | Dex+3} (You found it on level 1 of the Swamp)
 30956 | Swamp:2  | Identified a scroll of acquirement
 30957 | Swamp:2  | Identified the +1 arbalest of the Firefly {flame, rN+ Str+3
                  | Dex-5} (You acquired it on level 2 of the Swamp)
 30957 | Swamp:2  | Identified the amulet "Motutupt" {RegenMP +Blink Int-3
                  | Stlth+} (You acquired it on level 2 of the Swamp)
 31928 | Swamp:3  | Noticed Jorgrun
 31940 | Swamp:3  | Killed Jorgrun
 31940 | Swamp:3  | Reached XP level 18. HP: 111/126 MP: 29/29
 32678 | Swamp:4  | Entered Level 4 of the Swamp
 32983 | Swamp:4  | Noticed the 27-headed Lernaean hydra
 32993 | Swamp:4  | Killed the 27-headed Lernaean hydra
 33732 | Swamp:4  | Got a decaying rune of Zot
 33909 | Swamp:4  | Identified the +3 tower shield "Koywad" {MP+9}
 33909 | Swamp:4  | Noticed Louise
 33996 | Swamp:4  | Killed Louise
 34257 | Swamp:4  | Reached skill level 10 in Hexes
 34257 | Swamp:4  | Reached skill level 10 in Charms
 34257 | Swamp:4  | Reached skill level 10 in Summonings
 34257 | Swamp:4  | Reached skill level 10 in Necromancy
 34257 | Swamp:4  | Reached skill level 10 in Translocations
 34257 | Swamp:4  | Reached skill level 10 in Fire Magic
 34257 | Swamp:4  | Reached skill level 10 in Ice Magic
 34257 | Swamp:4  | Reached skill level 10 in Earth Magic
 34257 | Swamp:4  | Reached skill level 10 in Poison Magic
 35017 | Spider:1 | Entered Level 1 of the Spider Nest
 35033 | Spider:1 | Upgraded the game from 0.25-a0-734-g73332aeda9 to
                  | 0.25-a0-737-g26c3a87c45
 36259 | Spider:2 | Noticed Nikola
 36280 | Spider:2 | Killed Nikola
 36321 | Spider:2 | You fall into a shaft and drop 1 floor!
 36472 | Spider:3 | Found a transporter.
 37474 | Spider:3 | Reached XP level 19. HP: 133/133 MP: 31/31
 37637 | Spider:3 | Found a transporter.
 37659 | Spider:3 | Noticed EnegeticOcto's ghost (journeyman DDFi)
 37668 | Spider:3 | Found a transporter.
 37713 | Spider:3 | Found a transporter.
 38103 | Spider:3 | Paralysed by the power of Zot for 2 turns
 38125 | Spider:3 | Paralysed by the power of Zot for 3 turns
 38127 | Spider:3 | Lost mutation: You are weak. (Str -2) [the power of Zot]
 38127 | Spider:3 | Gained mutation: You are clumsy. (Dex -2) [the power of
                  | Zot]
 38381 | Spider:3 | Got a transparent silver ring
 38384 | Spider:3 | Identified the ring "Xese" {Fire rN+++ MR+ Str-2 Stlth-}
                  | (You found it on level 3 of the Spider Nest)
 38385 | Spider:3 | Identified the +4 shortbow of Mitsiur {speed, rN++} (You
                  | found it on level 3 of the Spider Nest)
 38391 | Spider:3 | Identified the +2 battleaxe of Peimoso {vorpal, *Contam
                  | Int+5} (You found it on level 3 of the Spider Nest)
 38401 | Spider:3 | Identified the ring "Vyatu" {rF++ rCorr} (You found it on
                  | level 3 of the Spider Nest)
 38484 | Spider:3 | Killed EnegeticOcto's ghost
 38615 | Spider:3 | Got a vibrating golden ring
 38619 | Spider:3 | Identified the ring "Ofas" {Int+3 Stlth+} (You found it on
                  | level 3 of the Spider Nest)
 38749 | Spider:4 | Entered Level 4 of the Spider Nest
 39516 | Spider:4 | HP: 4/133 [wolf spider (14)]
 40454 | Spider:4 | HP: 5/134 [something (12)]
 40911 | Spider:4 | Got a gossamer rune of Zot
 41270 | D:15     | Entered Level 15 of the Dungeon
 41353 | D:15     | Found a bloodstained altar of Trog.
 41477 | D:15     | Identified the cursed +1 dagger "Lyssiqun" {pain, Dex+2}
                  | (You found it on level 15 of the Dungeon)
 41646 | D:15     | Found a bloodstained altar of Trog.
 41778 | D:15     | Found a staircase to the Depths.
 42631 | Depths:1 | Entered Level 1 of the Depths
 42970 | Depths:1 | Found a gateway to Hell.
 43168 | Depths:1 | Reached XP level 20. HP: 54/140 MP: 16/32
 43286 | Vaults:1 | Entered Level 1 of the Vaults
 43594 | Vaults:1 | Found Nuozi's Armour Emporium.
 43602 | Vaults:1 | Bought a +3 chain mail of cold resistance for 371 gold
                  | pieces
 44743 | Vaults:1 | Reached skill level 15 in Slings
 45103 | Vaults:1 | Upgraded the game from 0.25-a0-737-g26c3a87c45 to
                  | 0.25-a0-766-g0ecfff5982
 47227 | Vaults:2 | Learned a level 5 spell: Aura of Abjuration
 47233 | Vaults:2 | Learned a level 5 spell: Borgnjor's Vile Clutch
 47246 | Vaults:3 | Noticed Mennas
 47798 | Vaults:2 | Killed Mennas
 48346 | Vaults:3 | Reached XP level 21. HP: 127/147 MP: 34/34
 49493 | Vaults:3 | Found a staircase to the Crypt.
 49493 | Vaults:3 | Found an ancient bone altar of Kikubaaqudgha.
 49494 | Vaults:3 | Found a basalt altar of Yredelemnul.
 50051 | Vaults:4 | Found Iblas's Armour Shoppe.
 51539 | Vaults:4 | Paralysed by a great orb of eyes for 5 turns
 52376 | Crypt:1  | Entered Level 1 of the Crypt
 53928 | Crypt:2  | Reached XP level 22. HP: 130/155 MP: 35/35
 53967 | Crypt:2  | Reached skill level 15 in Invocations
 53982 | Crypt:2  | Noticed Boris
 54018 | Crypt:2  | Killed Boris
 54719 | Crypt:3  | Entered Level 3 of the Crypt
 55083 | Crypt:3  | Got a steaming scimitar
 55084 | Crypt:3  | Identified the +8 scimitar of the Lettuce {speed, +Rage
                  | Int+2} (You found it on level 3 of the Crypt)
 55153 | Crypt:3  | Found a basalt altar of Yredelemnul.
 55266 | Crypt:3  | Paralysed by something for 6 turns
 56127 | Crypt:3  | Identified the amulet "Heohaq" {+Rage rElec} (You found it
                  | on level 3 of the Crypt)
 56553 | Crypt:3  | Noticed a profane servitor
 56573 | Crypt:3  | Killed a profane servitor
 56649 | Crypt:3  | Identified the Compendium of Black Secrets
 57101 | Crypt:3  | Found a staircase to the Tomb.
 57101 | Crypt:3  | Noticed Khufu
 57120 | Crypt:3  | Killed Khufu
 57120 | Crypt:3  | Reached skill level 15 in Fighting
 57120 | Crypt:3  | Reached skill level 15 in Dodging
 57192 | Crypt:3  | Got a flickering bone ring
 57193 | Crypt:3  | Identified the ring of Ovig {*Tele rC+} (You found it on
                  | level 3 of the Crypt)
 57196 | Crypt:3  | Got a scorched bone ring
 57197 | Crypt:3  | Identified the ring "Bokob" {rF++ rC+ MR+ Int-2 Dex+4} (You
                  | found it on level 3 of the Crypt)
 57226 | Crypt:3  | Identified the cursed +1 hand crossbow "Widufev" {freeze,
                  | +Inv Int+3} (You found it on level 3 of the Crypt)
 57911 | Depths:1 | Found a corrupted altar of Lugonu.
 57911 | Depths:1 | Found a transporter.
 58005 | Depths:1 | Reached XP level 23. HP: 105/162 MP: 37/37
 58376 | Depths:1 | Identified the +8 flail "Vory" {vorpal, rF+ Int+7}
 58799 | Depths:1 | Found a transporter.
 59860 | Depths:2 | Noticed Sojobo
 60117 | Depths:1 | Killed Sojobo
 60424 | Depths:2 | Noticed Boris
 60459 | Depths:2 | Killed Boris
 60657 | Depths:2 | Found Taevao's Food Shoppe.
 60663 | Depths:2 | Found Yzydifeh's Armour Emporium.
 61038 | Depths:2 | Reached skill level 15 in Stealth
 61898 | Depths:2 | Reached skill level 15 in Short Blades
 61898 | Depths:2 | Reached skill level 15 in Long Blades
 61898 | Depths:2 | Reached skill level 15 in Axes
 61898 | Depths:2 | Reached skill level 15 in Maces & Flails
 61898 | Depths:2 | Reached skill level 15 in Polearms
 61898 | Depths:2 | Reached skill level 15 in Staves
 61898 | Depths:2 | Reached skill level 15 in Bows
 61898 | Depths:2 | Reached skill level 15 in Crossbows
 61898 | Depths:2 | Reached skill level 15 in Throwing
 61898 | Depths:2 | Reached skill level 15 in Armour
 61898 | Depths:2 | Reached skill level 15 in Shields
 61898 | Depths:2 | Reached skill level 15 in Unarmed Combat
 61898 | Depths:2 | Reached skill level 15 in Spellcasting
 61898 | Depths:2 | Reached skill level 15 in Evocations
 62663 | Depths:3 | Reached XP level 24. HP: 170/170 MP: 37/37
 63133 | Depths:3 | Noticed Asterion
 63135 | Depths:3 | Noticed Agnes
 63151 | Depths:3 | Killed Agnes
 63195 | Depths:3 | Killed Asterion
 63678 | Depths:3 | Found Piunn's Jewellery Shoppe.
 63679 | Depths:3 | Found Zienij's Gadget Shop.
 63679 | Depths:3 | Found Xofroer's Gadget Shop.
 64297 | Depths:3 | Found a one-way gate leading to the halls of Pandemonium.
 64449 | Depths:3 | Found a one-way gate to the infinite horrors of the Abyss.
 64627 | Depths:4 | Noticed a caustic shrike
 64629 | Depths:4 | Noticed a caustic shrike
 64645 | Depths:4 | Killed a caustic shrike
 64655 | Depths:4 | Killed a caustic shrike
 64834 | Depths:4 | Found a shattered altar of Ashenzari.
 66571 | Depths:4 | Noticed a juggernaut
 66587 | Depths:4 | Noticed a caustic shrike
 67229 | Depths:4 | Killed a caustic shrike
 68104 | Depths:5 | Entered Level 5 of the Depths
 68104 | Depths:5 | Noticed Boris
 68112 | Depths:5 | Reached XP level 25. HP: 175/177 MP: 38/38
 68125 | Depths:5 | Killed Boris
 68541 | Depths:5 | Noticed Saint Roka
 68563 | Depths:5 | Killed Saint Roka
 69537 | Depths:5 | Noticed an ancient lich
 69548 | Depths:5 | Paralysed by an ancient lich for 3 turns
 69556 | Depths:5 | Killed an ancient lich
 69888 | Depths:5 | HP: 6/179 [acid (5)]
 70342 | Depths:5 | Noticed the Enchantress
 70362 | Depths:5 | Killed the Enchantress
 70782 | Depths:5 | Found a gateway to a ziggurat.
 70868 | Depths:5 | Found a gate to the Realm of Zot.
 70876 | Depths:5 | Noticed Frederick
 70892 | Depths:5 | Killed Frederick
 70920 | Depths:5 | Noticed a juggernaut
 70920 | Depths:5 | Noticed an ancient lich
 70934 | Depths:5 | Killed an ancient lich
 70947 | Depths:5 | Killed a juggernaut
 70948 | Depths:5 | Cast into level 3 of the Abyss (tengu reaver)
 71102 | Abyss:3  | Found a transporter.
 71159 | Abyss:3  | Paralysed by accursed screaming for 1 turns
 71219 | Abyss:3  | Found a transporter.
 71236 | Abyss:3  | Noticed an ancient lich
 71246 | Abyss:3  | Killed an ancient lich
 71256 | Abyss:3  | Found a transporter.
 71261 | Abyss:3  | Got an abyssal rune of Zot
 71270 | Depths:5 | Escaped the Abyss
 72341 | Depths:4 | Killed a juggernaut
 72680 | Elf:1    | Entered Level 1 of the Elven Halls
 72997 | Elf:1    | Identified the Tome of Confrontation
 73042 | Elf:1    | Found Fean's Weapon Emporium.
 73553 | Elf:2    | Found an ancient bone altar of Kikubaaqudgha.
 73801 | Elf:2    | Found a huge runed translucent gate.
 73801 | Elf:2    | Found a huge runed translucent gate.
 73801 | Elf:2    | Found a huge runed translucent gate.
 73801 | Elf:2    | Found a huge runed translucent gate.
 73801 | Elf:2    | Found a huge runed translucent gate.
 74915 | Elf:3    | Entered Level 3 of the Elven Halls
 75187 | Elf:3    | Identified the +11 battleaxe of Fate {protect, rPois Str+2}
                  | (You found it on level 3 of the Elven Halls)
 75326 | Elf:3    | Found a large runed translucent door.
 75326 | Elf:3    | Found a large runed translucent door.
 75330 | Elf:3    | Noticed Daphesm's ghost (adept FoWn)
 75374 | Elf:3    | Killed Daphesm's ghost
 75572 | Elf:3    | Cast into level 3 of the Abyss (a deep elf sorcerer)
 75572 | Abyss:3  | Found a transporter.
 75573 | Abyss:3  | Found a corrupted altar of Lugonu.
 75586 | Elf:3    | Escaped the Abyss
 75760 | Elf:3    | Identified the +7 glaive of Tenacity {holy, rN+ Dex+3}
 75760 | Elf:3    | Identified the +9 plate armour of Vosumell {Int+5 Stlth+}
 75854 | Elf:3    | Identified the cursed +1 chain mail of Peek-a-Boo {rElec}
 76124 | Elf:3    | Identified Sif Muna's Almanac of Blistering Envenoming
 77214 | Vaults:5 | Entered Level 5 of the Vaults
 77654 | Slime:1  | Entered Level 1 of the Pits of Slime
 77932 | Slime:2  | Paralysed by a great orb of eyes for 3 turns
 78371 | Slime:2  | Noticed Dissolution
 78391 | Slime:2  | Paralysed by a floating eye for 2 turns
 78395 | Slime:2  | Killed Dissolution
 79130 | Slime:3  | Gained mutation: You have a pair of small antennae on your
                  | head. [a shining eye]
 79132 | Slime:3  | Gained mutation: Armour fits poorly on your strangely
                  | shaped body. [a shining eye]
 79133 | Slime:3  | Gained mutation: Your body sometimes deteriorates upon
                  | taking damage. [a shining eye]
 79163 | Slime:3  | Lost mutation: Armour fits poorly on your strangely shaped
                  | body. [potion of mutation]
 79163 | Slime:3  | Lost mutation: Your body sometimes deteriorates upon taking
                  | damage. [potion of mutation]
 79163 | Slime:3  | Lost mutation: You have a pair of small antennae on your
                  | head. [potion of mutation]
 79163 | Slime:3  | Gained mutation: You are occasionally teleported next to
                  | monsters. [potion of mutation]
 79163 | Slime:3  | Gained mutation: You have extremely sharp teeth. [potion of
                  | mutation]
 79164 | Slime:3  | Lost mutation: You are clumsy. (Dex -2) [potion of
                  | mutation]
 79164 | Slime:3  | Gained mutation: You are weak. (Str -2) [potion of
                  | mutation]
 79164 | Slime:3  | Gained mutation: You are clumsy. (Dex -2) [potion of
                  | mutation]
 79164 | Slime:3  | Gained mutation: You are covered in fur. (AC +1) [potion of
                  | mutation]
 79165 | Slime:3  | Lost mutation: You are clumsy. (Dex -2) [potion of
                  | mutation]
 79165 | Slime:3  | Lost mutation: You are weak. (Str -2) [potion of mutation]
 79165 | Slime:3  | Gained mutation: Your body sometimes deteriorates upon
                  | taking damage. [potion of mutation]
 79165 | Slime:3  | Gained mutation: You tend to lose your temper in combat.
                  | [potion of mutation]
 79165 | Slime:3  | Gained mutation: Your muscles are strong. (Str +2) [potion
                  | of mutation]
 80453 | Slime:4  | Gained mutation: You are partially covered in molten
                  | scales. (AC +2) [a shining eye]
 80458 | Slime:4  | Gained mutation: You are dopey. (Int -2) [a shining eye]
 80965 | Slime:4  | Gained mutation: You are very dopey. (Int -4) [a shining
                  | eye]
 81346 | Slime:5  | Entered Level 5 of the Pits of Slime
 81348 | Slime:5  | Gained mutation: You are sometimes teleported next to
                  | monsters. [a shining eye]
 81466 | Slime:5  | Noticed the Royal Jelly
 81480 | Slime:5  | Killed the Royal Jelly
 81480 | Slime:5  | Reached skill level 15 in Hexes
 81480 | Slime:5  | Reached skill level 15 in Charms
 81480 | Slime:5  | Reached skill level 15 in Summonings
 81480 | Slime:5  | Reached skill level 15 in Necromancy
 81480 | Slime:5  | Reached skill level 15 in Translocations
 81480 | Slime:5  | Reached skill level 15 in Fire Magic
 81480 | Slime:5  | Reached skill level 15 in Ice Magic
 81480 | Slime:5  | Reached skill level 15 in Earth Magic
 81480 | Slime:5  | Reached skill level 15 in Poison Magic
 81485 | Slime:5  | Paralysed by a great orb of eyes for 3 turns
 82438 | Slime:5  | Got a wavering graven amulet
 82439 | Slime:5  | Identified the amulet of Xom's Malicious Joy {Spirit rPois
                  | Str+5 Dex+4} (You found it on level 5 of the Pits of Slime)
 82475 | Slime:5  | Identified the Handbook of Objectivity
 82523 | Slime:5  | Got a slimy rune of Zot
 83608 | Vaults:5 | Noticed an ancient lich
 83616 | Vaults:5 | Identified a ring of the Octopus King {MP+9 AC+1 EV+1 Str+1
                  | Int+1 Dex+1}
 83637 | Vaults:5 | Noticed Bai Suzhen
 83654 | Vaults:5 | Killed Bai Suzhen
 83757 | Vaults:5 | Identified the cursed +0 shortbow of Okawaru's Castigation
                  | {freeze, rElec MR++ Dex+2}
 83779 | Vaults:5 | Identified the cursed +0 dagger "Killer Bee's Death"
                  | {antimagic, rF+ Dex+2}
 85161 | Vaults:5 | Killed an ancient lich
 85265 | Vaults:5 | Identified the amulet of the Oracle {Faith Dex+4}
 85346 | Vaults:5 | Identified the +1 robe of Vorih {+Inv rPois rN+ Dex-5}
 85746 | Vaults:5 | Identified the Tome of Shifting Augmentations
 85924 | Vaults:5 | Got a silver rune of Zot
 86702 | Depths:1 | Identified the amulet "Yfim" {Gourm rF+ rN+ Slay-4 SInv}
                  | (You found it on level 1 of the Depths)
 86918 | D:13     | You paid a toll of +3 gold dragon scales to enter a
                  | treasure trove
 86919 | Trove    | Entered a treasure trove
 86922 | Trove    | Found the +10 tower shield of Ignorance {rN+ Int-4}
 86922 | Trove    | Found the +2 hood of the Assassin {Detection Stab+ Stlth++}
 86927 | Trove    | Got a scorched helmet
 86939 | Trove    | Got a transparent tower shield
 86946 | Trove    | Got a polished chain mail
 86952 | Trove    | Got an ancient chain mail
 86954 | Trove    | Got a smoking ring mail
 86983 | D:13     | Identified the +1 helmet "Puckixke" {rN+++ rCorr} (You
                  | found it in a treasure trove)
 87013 | D:13     | Identified the +0 tower shield of Qanusak {rElec rC- MR++
                  | Dex+2} (You found it in a treasure trove)
 87023 | D:13     | Identified a +1 pair of boots of running (You found it in a
                  | treasure trove)
 87055 | D:13     | Identified the +1 chain mail "Usiejo" {MR+} (You found it
                  | in a treasure trove)
 87085 | D:13     | Identified the +1 chain mail of Fortitude {Dex+3} (You
                  | found it in a treasure trove)
 87095 | D:13     | Identified the cursed +1 ring mail of Taorr {rN+} (You
                  | found it in a treasure trove)
 87202 | D:11     | Bought a potion of mutation for 96 gold pieces
 87202 | D:11     | Lost mutation: You are sometimes teleported next to
                  | monsters. [potion of mutation]
 87202 | D:11     | Lost mutation: Your muscles are strong. (Str +2) [potion of
                  | mutation]
 87202 | D:11     | Gained mutation: Your movements are slightly less
                  | encumbered by armour. (ER -2) [potion of mutation]
 87202 | D:11     | Gained mutation: You have sharp fingernails. [potion of
                  | mutation]
 87202 | D:11     | Gained mutation: Your spells are a little harder to cast,
                  | but a little more powerful. [potion of mutation]
 87250 | D:12     | Bought a potion of heal wounds for 65 gold pieces
 87250 | D:12     | Bought a potion of mutation for 104 gold pieces
 87250 | D:12     | Lost mutation: You are very dopey. (Int -4) [potion of
                  | mutation]
 87250 | D:12     | Lost mutation: Your body sometimes deteriorates upon taking
                  | damage. [potion of mutation]
 87250 | D:12     | Gained mutation: You evolve. [potion of mutation]
 87539 | Tomb:1   | Entered Level 1 of the Tomb of the Ancients
 87780 | Tomb:1   | Noticed a greater mummy
 87781 | Tomb:1   | Noticed a greater mummy
 87781 | Tomb:1   | Noticed a greater mummy
 87781 | Tomb:1   | Noticed a greater mummy
 87787 | Tomb:1   | Noticed a greater mummy
 87791 | Tomb:1   | Killed a greater mummy
 87795 | Tomb:1   | Killed a greater mummy
 87796 | Tomb:1   | Killed a greater mummy
 87799 | Tomb:1   | Killed a greater mummy
 87803 | Tomb:1   | Killed a greater mummy
 87803 | Tomb:1   | Killed by a greater mummy's death curse

Levels and vault maps discovered:
D:1:      nicolae_arrival_washed_ashore, layout_loops_ring
D:2:      minmay_alternating_diamond, layout_loops_ring, st_stairs_10
D:3:      layout_basic, nicolae_overflow_crystal_walls, zin_academy,
          old_standard_altar, first_ration, kennysheep_slug_shrine, uniq_grinder
D:4:      gammafunk_wand_slinger, layout_loops_cross,
          cheibrodos_sewer_entry_bend, nicolae_ru_path_of_blood,
          uniq_blork_the_orc, uniq_crazy_yiuf_cottage
D:5:      layout_rooms, lemuel_doored_altar, hangedman_decor_lopped
D:6:      layout_rooms, grunt_temple_overflow_holy_war, fedhas_altar_4,
          lemuel_coloured_pillars_altar, minmay_temple_entry_glassed_door,
          nrook_campfire
D:7:      minmay_the_grid_plus_closed [minmay_the_grid_diamond_grid,
          minmay_the_grid_dragon_a, minmay_the_grid_gridbox,
          minmay_the_grid_slots, minmay_the_grid_prize_four_corners_diamond_a],
          layout_rooms, lemuel_round_altar, eat_drink_and_be_merry_uskayaw,
          lemuel_blue_sif_altar, grunt_ogre_cave
D:8:      layout_rooms, chequers_ossuary_entry_cave
D:9:      layout_big_octagon, lemuel_crystal_altar, overflow_temple_1_default,
          orc_0_dummy
D:10:     layout_loops_ring, serial_shops, kennysheep_mini
D:11:     layout_loops_ring, serial_shops, shop, nicolae_good_shop, uniq_erica,
          uniq_fannar, uniq_josephine, uniq_nergalle
D:12:     layout_basic, kennysheep_small_square, uniq_azrael
D:13:     layout_roguey, lightli_vaults_fourway_checkpoint,
          nicolae_trove_entry_columns, uniq_erolcha, uniq_sonja
D:14:     layout_roguey
D:15:     grunt_enter_depths_snipers, layout_stronghold, lemuel_altar_in_water,
          basic_altar, minmay_misc_feat_rows, laboratory
Lair:1:   layout_long_grid, gammafunk_ghost_hive, kennysheep_snail_temple
Lair:2:   layout_gridlike, lemuel_fruit_fields, uniq_maggie
Lair:3:   layout_roguey, lemuel_fruit_fields, grunt_megastairs_3
Lair:4:   layout_regular_city, minmay_swamp_entry_worms,
          spider_nest_entry_funnel_web, ice2_lemuel
Lair:5:   layout_cave_pods
Lair:6:   cheibrodos_lair_end_hotspot, layout_gridlike,
          nicolae_slime_entry_slimehenge, patterned_corridor
Swamp:1:  layout_falls_marsh, gammafunk_ghost_mausoleum, serial_swamp_ruin,
          evilmike_swamp_ruin_house_3, evilmike_swamp_ruin_house_2,
          evilmike_swamp_ruin_house_1, swamp_pool1
Swamp:2:  layout_basic_swamp, hangedman_swamp_ruin_wall
Swamp:3:  layout_falls_marsh, evilmike_swamp_ruin_wall, uniq_jorgrun
Swamp:4:  swamp_old_school, layout_basic_swamp, uniq_louise
Spider:1: layout_spider_delve
Spider:2: layout_spider_delve, uniq_nikola
Spider:3: gammafunk_its_a_trap, gammafunk_ghost_berserking_beasts
Spider:4: spider_rune_water
Slime:1:  layout_caves
Slime:2:  layout_caves, nicolae_slime_welcoming_committee, uniq_dissolution
Slime:3:  layout_caves
Slime:4:  layout_caves
Slime:5
Orc:1:    layout_caves, serial_shops, shop, shop, shop, shop, shop
Orc:2:    pubby_orc_utopia
Elf:1:    minmay_elf_arrival_summoners, layout_loops_cross, serial_shops,
          nicolae_shop_stone, minmay_elf_annihilation
Elf:2:    layout_geoelf_octagon, basic_altar, einodemon_barbed_minivault,
          uniq_asterion
Elf:3:    minmay_elf_hall_quartered_circle, layout_gridlike,
          ebering_ghost_disaster_area, feat_on_display
Vaults:1: nicolae_vaults_little_squares_3, v_misc_18, grunt_vaults_focal,
          v_pattern_4, v_rooms_6, hangedman_vaults_variations,
          vaults_room_fancy_cross, v_alt_pattern_5, special_room_vaults
          [special_room_orc], vaults_room_semicircle, v_misc_3,
          vaults_room_semicircle, vaults_room_grid, nicolae_vaults_rhombus_6,
          layout_vaults_maze_snakey, serial_shops, nicolae_shop_crystal
Vaults:2: nicolae_vaults_shelves_hall, vaults_mumra_chevron_long,
          layout_vaults_omnigrid
Vaults:3: v_misc_11, vaults_room_fancy_cross, v_alt_pattern_3,
          minmay_crypt_entry_necro_gods, v_rooms_4, v_rooms_6,
          ontoclasm_vaults_chip, vaults_room_fours, vaults_room_pools,
          grunt_vaults_diagonal, vaults_dpeg_spiral, grunt_vaults_twisty,
          ontoclasm_vaults_twist, nicolae_vaults_little_squares_3,
          vaults_room_semicircle, layout_vaults_ring, uniq_mennas
Vaults:4: nicolae_vaults_windows_and_doors_thing, hangedman_vaults_impose,
          ontoclasm_vaults_ring_small, ontoclasm_vaults_tryst,
          nicolae_vaults_alarming, v_misc_14, nicolae_vaults_circle_grid_b,
          hangedman_vaults_river_flow, vaults_room_stairs_pillars, serial_ice_m,
          v_misc_11, ontoclasm_vaults_eye, vaults_dpeg_encased_lava,
          layout_vaults_omnibox, serial_shops, shop
Vaults:5: uniq_bai_suzhen, uniq_margery
Crypt:1:  layout_catacombs
Crypt:2:  layout_rooms, uniq_boris
Crypt:3:  grunt_crypt_end_deaths_head
Tomb:1
Depths:1: gammafunk_corrupted_shrine, layout_basic, minmay_crystal_water,
          pf_hell_entry_tar_spiral, minmay_mirror_moons_of_madness
Depths:2: lemuel_castle_with_subvaults [lemuel_castle_interior_original],
          layout_cave_pools, nicolae_two_hexagons, pf_coc_iceberg,
          minmay_shoptagon, uniq_sojobo
Depths:3: minmay_isolated_rectangles_in_corner, layout_gridlike,
          abyss_entry_small_statue_room, pan_entry, hell_entry, sword_in_stone,
          infiniplex_staircase_diamond, minmay_shop_grove
Depths:4: lemuel_traditional_vault, layout_gridlike, rand_demon_pan_entry_9,
          minmay_misc_feat_ornament, hell_entry, hangedman_abyss_entry_splay,
          st_stairs_14, serial_bayou_pond_e, chequers_serial_rivers_micro_b,
          argonaut_fire_from_heaven
Depths:5: grunt_runaround [grunt_runaround_doors_1, grunt_runaround_doors_2,
          grunt_runaround_doors_3, grunt_runaround_doors_4,
          grunt_runaround_zot], hell_entry, abyss_entry, uniq_enchantress,
          uniq_frederick, uniq_saint_roka

Skill      XL: |  1  2  3  4  5  6  7  8  9 10 11 12 13 14 15 16 17 18 19 20 21 22 23 24 25 |
---------------+----------------------------------------------------------------------------+-----
Invocations    | 1 2 3 4 5 6 7 8 9 10 11 12 13 14 15 16 19 | 19.6
Short Blades   | 1 3 4 5 6 7 8 9 10 11 12 13 14 15 18 | 18.2
Long Blades    | 1 3 4 5 6 7 8 9 10 11 12 13 14 15 18 | 18.2
Axes           | 1 3 4 5 6 7 8 9 10 11 12 13 14 15 18 | 18.2
Maces & Flails | 1 3 4 5 6 7 8 9 10 11 12 13 14 15 19 | 19.6
Polearms       | 1 3 4 5 6 7 8 9 10 11 12 13 14 15 18 | 18.2
Staves         | 1 3 4 5 6 7 8 9 10 11 12 13 14 15 18 | 18.2
Bows           | 1 3 4 5 6 7 8 9 10 11 12 13 14 15 18 | 18.2
Crossbows      | 1 3 4 5 6 7 8 9 10 11 12 13 14 15 18 | 18.2
Throwing       | 1 3 4 5 6 7 8 9 10 11 12 13 14 15 18 | 18.2
Armour         | 1 3 4 5 6 7 8 9 10 11 12 13 14 15 18 | 18.2
Shields        | 1 3 4 5 6 7 8 9 10 11 12 13 14 15 18 | 18.2
Unarmed Combat | 1 3 4 5 6 7 8 9 10 11 12 13 14 15 18 | 18.2
Spellcasting   | 1 3 4 5 6 7 8 9 10 11 12 13 14 15 18 | 18.2
Evocations     | 1 3 4 5 6 7 8 9 10 11 12 13 14 15 18 | 18.2
Conjurations   | 1 2 3 4 5 6 0 |  0.0
Hexes          | 1 2 3 4 5 6 7 8 9 10 11 12 13 15 | 15.7
Charms         | 1 2 3 4 5 6 7 8 9 10 11 12 13 15 | 15.7
Summonings     | 1 2 3 4 5 6 7 8 9 10 11 12 13 15 | 15.7
Necromancy     | 1 2 3 4 5 6 7 8 9 10 11 12 13 15 | 15.7
Translocations | 1 2 3 4 5 6 7 8 9 10 11 12 13 15 | 15.7
Transmutations | 1 2 3 4 5 6 0 |  0.0
Fire Magic     | 1 2 3 4 5 6 7 8 9 10 11 12 13 15 | 15.7
Ice Magic      | 1 2 3 4 5 6 7 8 9 10 11 12 13 15 | 15.7
Air Magic      | 1 2 3 4 5 6 0 |  0.0
Earth Magic    | 1 2 3 4 5 6 7 8 9 10 11 12 13 15 | 15.7
Poison Magic   | 1 2 3 4 5 6 7 8 9 10 11 12 13 15 | 15.7
Fighting       | 5 6 7 8 9 10 11 12 13 14 15 16 18 | 18.6
Dodging        | 5 6 7 8 9 10 11 12 13 14 15 16 18 | 18.6
Stealth        | 3 4 5 6 7 8 9 10 11 12 13 14 15 18 | 18.3
Slings         | 9 10 11 12 13 14 15 16 17 19 | 19.5

Action                   |  1- 3 |  4- 6 |  7- 9 | 10-12 | 13-15 | 16-18 | 19-21 | 22-24 | 25-27 || total
-------------------------+-------+-------+-------+-------+-------+-------+-------+-------+-------++-------
Melee: Short sword       |    51 |    84 |   382 |       |       |       |       |       |       ||   517
       Bite              |     6 |    10 |    65 |   132 |   290 |   291 |   511 |   663 |   733 ||  2701
       Punch             |       |       |     1 |       |       |       |       |       |       ||     1
       Rapier            |       |       |    50 |   865 |  1663 |  1670 |  2490 |  1909 |       ||  8647
       Sacred scourge    |       |       |       |       |       |       |   336 |   979 |   393 ||  1708
       Demon whip        |       |       |       |       |       |       |       |   187 |  2977 ||  3164
 Fire: Hunting sling     |    48 |   157 |   189 |    92 |   242 |   337 |   217 |       |       ||  1282
       Hand crossbow     |       |       |       |       |       |       |   186 |   227 |    94 ||   507
 Cast: Aura of Abjuratio |       |       |       |       |       |       |       |       |    16 ||    16
Invok: Sacrifice Experie |       |     1 |       |       |       |       |       |       |       ||     1
       Sacrifice Drink   |       |       |     1 |       |       |       |       |       |       ||     1
       Power Leap        |       |       |       |     6 |     2 |     8 |    13 |     2 |     8 ||    39
       Sacrifice Essence |       |       |       |     1 |       |       |       |       |       ||     1
       Sacrifice Health  |       |       |       |     1 |       |       |       |       |       ||     1
       Apocalypse        |       |       |       |       |     1 |     1 |     3 |     1 |     7 ||    13
       Sacrifice Arcana  |       |       |       |       |     1 |       |       |       |       ||     1
       Draw Out Power    |       |       |       |       |       |       |     1 |       |       ||     1
 Abil: Stop Flying       |       |       |     1 |       |       |       |       |       |       ||     1
Evoke: Wand              |       |       |       |     9 |    12 |    16 |    11 |     9 |    27 ||    84
  Use: Potion            |       |     5 |     3 |       |     9 |     2 |     9 |     1 |    19 ||    48
       Scroll            |       |     2 |     9 |    16 |    10 |     9 |    21 |    18 |    34 ||   119
 Stab: Sleeping          |     1 |       |     1 |       |     4 |     6 |     3 |     7 |       ||    22
       Invisible         |       |       |     4 |     4 |     3 |    14 |    15 |    17 |    19 ||    76
       Distracted        |       |       |       |     2 |    17 |    13 |    19 |    18 |    19 ||    88
       Paralysed         |       |       |       |       |     5 |       |    15 |     7 |    22 ||    49
       Confused          |       |       |       |       |     1 |     1 |       |       |       ||     2
       Petrifying        |       |       |       |       |     1 |       |       |       |       ||     1
  Eat: Chunk             |       |     5 |     7 |    18 |    24 |    27 |    35 |    33 |    21 ||   170
       Ration            |       |     1 |     1 |     3 |     4 |     3 |     6 |     4 |    14 ||    36
Armor: Leather armour    |    17 |     2 |       |       |       |       |       |       |       ||    19
       Scale mail        |       |    10 |     2 |       |       |       |       |       |       ||    12
       Skin              |       |     9 |       |       |       |       |       |       |       ||     9
       Ring mail         |       |    21 |    92 |       |       |       |       |       |       ||   113
       Chain mail        |       |       |   124 |   304 |   448 |   596 |   601 |       |       ||  2073
       Plate armour      |       |       |       |       |       |       |   184 |   598 |    66 ||   848
       Gold dragon scale |       |       |       |       |       |       |       |       |   924 ||   924
Dodge: Dodged            |    33 |    66 |   203 |   268 |   586 |   601 |   909 |   749 |   925 ||  4340
Block: Kite shield       |       |       |   184 |   345 |       |       |       |       |       ||   529
       Buckler           |       |       |       |    40 |   677 |   862 |  1087 |   999 |  1330 ||  4995
       Tower shield      |       |       |       |       |       |       |       |       |   114 ||   114
       Reflection        |       |       |       |       |       |       |       |       |    56 ||    56

Table legend:
 A = Non-vault XP
 B = Vault XP
 C = Vault XP percentage of total XP
 D = Non-vault monster count
 E = Vault monster count
 F = Vault count percentage of total count
                 A         B        C        D         E       F
            +---------+---------+-------+---------+---------+-------
      Total |  701265 |  905435 |  56.4 |    1665 |    1104 |  39.9
            +---------+---------+-------+---------+---------+-------
        D:1 |      52 |       0 |   0.0 |      28 |       0 |   0.0
        D:2 |      86 |      11 |  11.3 |      18 |       7 |  28.0
        D:3 |      47 |     276 |  85.4 |      15 |       2 |  11.8
        D:4 |     269 |     222 |  45.2 |      27 |       8 |  22.9
        D:5 |     789 |       0 |   0.0 |      22 |       0 |   0.0
        D:6 |     952 |     461 |  32.6 |      29 |       2 |   6.5
        D:7 |    1468 |     920 |  38.5 |      32 |      13 |  28.9
        D:8 |    1805 |       0 |   0.0 |      40 |       0 |   0.0
        D:9 |    1954 |       0 |   0.0 |      37 |       0 |   0.0
       D:10 |    1563 |       0 |   0.0 |      23 |       0 |   0.0
       D:11 |    7786 |    4900 |  38.6 |      63 |      12 |  16.0
       D:12 |    7383 |     829 |  10.1 |      35 |       6 |  14.6
       D:13 |    2055 |    8172 |  79.9 |      14 |      14 |  50.0
       D:14 |    7714 |       0 |   0.0 |      30 |       0 |   0.0
       D:15 |   11258 |    5743 |  33.8 |      34 |      16 |  32.0
     Lair:1 |    3130 |    3696 |  54.1 |      16 |      12 |  42.9
     Lair:2 |     922 |     428 |  31.7 |       4 |       1 |  20.0
     Lair:3 |    6199 |     421 |   6.4 |      19 |       2 |   9.5
     Lair:4 |    4651 |    2590 |  35.8 |      14 |      13 |  48.1
     Lair:5 |   16207 |       0 |   0.0 |      40 |       0 |   0.0
     Lair:6 |   13550 |    8650 |  39.0 |      34 |      32 |  48.5
    Swamp:1 |   11715 |    5193 |  30.7 |      35 |      13 |  27.1
    Swamp:2 |   14749 |       0 |   0.0 |      41 |       0 |   0.0
    Swamp:3 |   13452 |    3077 |  18.6 |      27 |       1 |   3.6
    Swamp:4 |   15184 |   19503 |  56.2 |      30 |      24 |  44.4
   Spider:1 |   12321 |       0 |   0.0 |      33 |       0 |   0.0
   Spider:2 |   12749 |    3583 |  21.9 |      37 |       1 |   2.6
   Spider:3 |   13883 |   12156 |  46.7 |      46 |      20 |  30.3
   Spider:4 |    3823 |   20407 |  84.2 |      10 |      40 |  80.0
    Slime:1 |    7207 |       0 |   0.0 |      13 |       0 |   0.0
    Slime:2 |   27400 |   13964 |  33.8 |      42 |       8 |  16.0
    Slime:3 |   18482 |       0 |   0.0 |      49 |       0 |   0.0
    Slime:4 |   24754 |    2685 |   9.8 |      38 |       2 |   5.0
    Slime:5 |   12601 |   35017 |  73.5 |      13 |      13 |  50.0
      Orc:1 |    2107 |       0 |   0.0 |      23 |       0 |   0.0
      Orc:2 |       0 |   22475 | 100.0 |       0 |     142 | 100.0
      Elf:1 |   12190 |    9244 |  43.1 |      22 |      15 |  40.5
      Elf:2 |   11302 |   26560 |  70.1 |      20 |      42 |  67.7
      Elf:3 |   21067 |   41625 |  66.4 |      35 |      34 |  49.3
   Vaults:1 |   34894 |   20196 |  36.7 |      62 |      53 |  46.1
   Vaults:2 |   23783 |   10706 |  31.0 |      41 |       7 |  14.6
   Vaults:3 |   10187 |   17926 |  63.8 |      22 |      25 |  53.2
   Vaults:4 |   30610 |   28440 |  48.2 |      52 |      30 |  36.6
   Vaults:5 |   28681 |  128106 |  81.7 |      42 |      85 |  66.9
    Crypt:1 |   31482 |       0 |   0.0 |      45 |       0 |   0.0
    Crypt:2 |   17973 |    5660 |  23.9 |      33 |       1 |   2.9
    Crypt:3 |       0 |   81827 | 100.0 |       0 |     128 | 100.0
     Tomb:1 |    5498 |   45870 |  89.3 |       9 |      15 |  62.5
   Depths:1 |   61999 |   29980 |  32.6 |      89 |      27 |  23.3
   Depths:2 |   32434 |   42883 |  56.9 |      40 |      57 |  58.8
   Depths:3 |   37327 |    7330 |  16.4 |      56 |       4 |   6.7
   Depths:4 |   42309 |   51573 |  54.9 |      49 |      32 |  39.5
   Depths:5 |    5948 |  158541 |  96.4 |       2 |      96 |  98.0
    Abyss:1 |    2038 |       0 |   0.0 |      11 |       0 |   0.0
    Abyss:3 |   11276 |   23230 |  67.3 |      24 |      19 |  44.2
      Sewer |       0 |     166 | 100.0 |       0 |      19 | 100.0
    Ossuary |       0 |     193 | 100.0 |       0 |      11 | 100.0
            +---------+---------+-------+---------+---------+-------
